 Dungeon Crawl Stone Soup version 0.31-a0-187-gba352fbbf7 (webtiles) character file.

Game seed: 364950649046033721

576 qw the Skirmisher (level 7, -12/40 HPs)
             Began as a Deep Elf Hunter on June 22, 2023.
             Was an Initiate of Okawaru.
             Mangled by a two-headed ogre
             ... wielding a +0 giant club
              (24 damage)
             ... on level 5 of the Dungeon.
             The game lasted 00:01:21 (2872 turns).

qw the Skirmisher (Deep Elf Hunter)                 Turns: 2872, Time: 00:01:21

Health: -12/40     AC: 11    Str: 10    XL:     7   Next: 12%
Magic:  7/9        EV: 14    Int: 14    God:    Okawaru [......]
Gold:   226        SH:  0    Dex: 18    Spells: 6/6 levels left

rFire   . . .        Y - +3 shortbow
rCold   . . .        (shield currently unavailable)
rNeg    . . .        g - +0 ring mail
rPois   .            (no helmet)
rElec   .            (no cloak)
rCorr   .            i - +0 pair of gloves
SInv    .            (no boots)
Will    .....        (no amulet)
Stlth   +++          a - +4 ring of protection
HPRegen 0.26/turn    (no ring)
MPRegen 0.11/turn

%: no passive effects
@: heroic
A: no striking features
a: Renounce Religion


You were on level 5 of the Dungeon.
You worshipped Okawaru.
Okawaru was noncommittal.
You visited 2 branches of the dungeon, and saw 6 of its levels.

You collected 248 gold pieces.
You spent 22 gold pieces at shops.


   Skills:
 - Level 2.2(7.2) Fighting
 + Level 10.4(15.4) Ranged Weapons
 - Level 1.2(6.2) Armour
 - Level 3.0(8.0) Dodging
 - Level 1.2(6.2) Stealth
 - Level 0.5 Invocations


You had 6 spell levels left.
You didn't know any spells.
Your spell library was empty.

Inventory:

Hand Weapons
 Y - a +3 shortbow (weapon)
Armour
 g - a +0 ring mail (worn)
 i - a +0 pair of gloves (worn)
Jewellery
 a - a +4 ring of protection (left hand)
Scrolls
 e - a scroll of identify
Potions
 b - a potion of curing
 d - a potion of ambrosia {unknown}
 f - a potion of magic {unknown}
 j - a potion of mutation {unknown}

Dungeon Overview and Level Annotations

Branches:
Dungeon (5/15)             Temple (1/1) D:4

Altars:
Ashenzari
Cheibriados
Dithmenos
Elyvilon
Fedhas
Gozag
Hepliaklqana
Makhleb
Nemelex Xobeh
Okawaru
Qazlal
Ru
Sif Muna
Trog
Uskayaw
Vehumet
Wu Jian
Xom
Yredelemnul

Shops:
D:1 ?:

Annotations:
D:3 2 transporters, qw's ghost, amateur DEHu


Message History

Enter note:
2863 ||| INVOKING Heroism.
You gain the combat prowess of a mighty hero.
You can no longer gain great but temporary skills.
The two-headed ogre barely misses you.
The two-headed ogre hits you but does no damage.
You shoot an arrow. The arrow hits the two-headed ogre!
The two-headed ogre is lightly wounded.
You shoot an arrow.
The arrow barely misses the two-headed ogre.
The two-headed ogre hits you with a +0 giant club!!
The two-headed ogre hits you with a +0 giant club!
Enter note:
Enter note:
Enter note: You shoot an arrow.
The arrow hits the two-headed ogre.
The two-headed ogre is moderately wounded.
The two-headed ogre hits you but does no damage.
The two-headed ogre hits you with a +0 giant club.
Enter note:
Enter note:
Enter note:
2867 ||| DRINKING potion of heal wounds.
You feel much better.
You shoot an arrow. The arrow hits the two-headed ogre.
The two-headed ogre is moderately wounded.
The two-headed ogre closely misses you. The two-headed ogre barely misses you.
You shoot an arrow. The arrow hits the two-headed ogre!
The two-headed ogre is heavily wounded.
You shoot an arrow. The arrow hits the two-headed ogre.
The two-headed ogre is heavily wounded.
The two-headed ogre closely misses you.
The two-headed ogre hits you with a +0 giant club!
You shoot an arrow. The arrow hits the two-headed ogre.
The two-headed ogre is heavily wounded.
You shoot an arrow. The arrow hits the two-headed ogre!
The two-headed ogre is severely wounded.
The two-headed ogre hits you with a +0 giant club!!
Ouch! That really hurt!
You die...

#### ###...###
#.......#
#########.#.....#
#......#.¤@# #.
###.#.#O# #.#
#.¤¤._¤¤.. #.#
#.#¤#.#¤###
#.###..#¤¤¤#.
#.##....#¤ .
#.##.#..# ##
#>#.....# #
#.......##.#


You could see a two-headed ogre.

Vanquished Creatures
  Sigmund (D:2)
  A black bear (D:5)
  A scorpion (D:5)
  A hound (D:4)
  2 iguanas (D:5)
  Ijyb (D:4)
  Terence (D:2)
  7 adders
  An ufetubus (D:4)
  2 worms
  An orc (D:4)
  7 ball pythons
  7 endoplasms
  3 giant cockroaches
  7 goblins
  6 hobgoblins
  4 jackals (D:4)
  5 quokkas
  7 bats
  2 frilled lizards
  5 kobolds
  8 rats
80 creatures vanquished.

Notes
Turn   | Place    | Note
-------+----------+-------------------------------------------
     0 | D:1      | qw the Deep Elf Hunter began the quest for the Orb.
     0 | D:1      | Reached XP level 1. HP: 12/12 MP: 3/3
     0 | D:1      | 0 ||| qw: Version: 0.3-a-9-g12657ce
     0 | D:1      | 0 ||| qw: Game counter: 2598
     0 | D:1      | 0 ||| qw: Always use a shield: true
     0 | D:1      | 0 ||| qw: God list: Okawaru
     0 | D:1      | 0 ||| qw: Allow faded altars: false
     0 | D:1      | 0 ||| qw: Do Orc after D:15 true
     0 | D:1      | 0 ||| qw: Do second Lair branch before Depths: true
     0 | D:1      | 0 ||| qw: Lair rune preference: random
     0 | D:1      | 0 ||| qw: Plans: Normal
     0 | D:1      | 0 ||| PLANNING D:1-11
    77 | D:1      | Found Tudif's Book Emporium.
   104 | D:1      | Found a faded altar of an unknown god.
   110 | D:1      | Reached XP level 2. HP: 16/16 MP: 4/4
   116 | D:1      | Reached skill level 6 in Ranged Weapons
   226 | D:1      | Found Raodgh's Magic Scroll Shoppe.
   238 | D:1      | 238 ||| SHOPLISTING scroll of enchant armour (82 gold, have
                  | 58).
   238 | D:1      | 238 ||| BUYING scroll of identify (22 gold).
   238 | D:1      | Bought a scroll of identify for 22 gold pieces
   672 | D:1      | 672 ||| UPGRADING to +0 ring mail.
   682 | D:1      | 682 ||| DROPPING +0 leather armour.
   683 | D:1      | 683 ||| UPGRADING to +0 pair of gloves.
   688 | D:1      | 688 ||| READING scroll labelled RUHICK GEHOI.
   689 | D:1      | 689 ||| READING scroll labelled BUSIGH NARE.
   690 | D:1      | 690 ||| READING 2 scrolls labelled HATINTY VESU.
   691 | D:1      | 691 ||| READING scroll of enchant weapon.
   691 | D:1      | 691 ||| ENCHANTING +1 shortbow.
   692 | D:1      | 692 ||| DROPPING scroll of butterflies.
   714 | D:2      | Noticed Sigmund
   717 | D:2      | 717 ||| STAIRDANCE
   729 | D:2      | 729 ||| STAIRDANCE
   776 | D:2      | 776 ||| STAIRDANCE
   815 | D:2      | Killed Sigmund
   816 | D:2      | Reached skill level 8 in Ranged Weapons
   816 | D:2      | Reached XP level 3. HP: 20/20 MP: 5/5
   816 | D:2      | Reached XP level 4. HP: 25/25 MP: 6/6
   816 | D:2      | Reached XP level 5. HP: 29/29 MP: 7/7
   820 | D:2      | 820 ||| STAIRDANCE
   868 | D:2      | Identified the +0 leather armour of Alalez {Int+3}
  1038 | D:2      | Reached skill level 9 in Ranged Weapons
  1087 | D:2      | Noticed Terence
  1097 | D:2      | Killed Terence
  1301 | D:2      | 1301 ||| DROPPING +0 leather armour of Alalez {Int+3}.
  1302 | D:2      | 1302 ||| DRINKING 2 sedimented ruby potions.
  1303 | D:2      | 1303 ||| DROPPING potion of brilliance.
  1421 | D:3      | Found a transporter.
  1424 | D:3      | Noticed qw's ghost (amateur DEHu)
  1456 | D:3      | Found a transporter.
  1634 | D:3      | Reached XP level 6. HP: 35/35 MP: 8/8
  1640 | D:3      | 1640 ||| READING scroll of enchant weapon.
  1640 | D:3      | 1640 ||| ENCHANTING +2 shortbow.
  1742 | D:3      | 1742 ||| READING 2 scrolls labelled ONARPH IHEGIMPA.
  1743 | D:3      | 1743 ||| READING scroll labelled ICOROPOERRE.
  1744 | D:3      | 1744 ||| READING scroll labelled COIXZY TEALOTIS.
  1745 | D:3      | 1745 ||| READING 3 scrolls of identify.
  1745 | D:3      | 1745 ||| IDENTIFYING blue potion
  1746 | D:3      | 1746 ||| READING 2 scrolls of identify.
  1746 | D:3      | 1746 ||| IDENTIFYING fizzy grey potion
  1747 | D:3      | 1747 ||| DROPPING scroll of vulnerability.
  1846 | D:4      | Noticed Ijyb
  1852 | D:4      | 1852 ||| FLEEEEING.
  1853 | D:4      | 1853 ||| FLEEEEING.
  1854 | D:4      | 1854 ||| FLEEEEING.
  1855 | D:4      | 1855 ||| FLEEEEING.
  1857 | D:4      | 1857 ||| FLEEEEING.
  1858 | D:4      | 1858 ||| FLEEEEING.
  1859 | D:4      | 1859 ||| FLEEEEING.
  1860 | D:4      | 1860 ||| FLEEEEING.
  1861 | D:4      | 1861 ||| FLEEEEING.
  1862 | D:4      | 1862 ||| FLEEEEING.
  1863 | D:4      | 1863 ||| FLEEEEING.
  1864 | D:4      | 1864 ||| FLEEEEING.
  1866 | D:4      | 1866 ||| FLEEEEING.
  1867 | D:4      | 1867 ||| FLEEEEING.
  1868 | D:4      | 1868 ||| FLEEEEING.
  1869 | D:4      | 1869 ||| FLEEEEING.
  1870 | D:4      | 1870 ||| STAIRDANCE
  1916 | D:3      | 1916 ||| UPGRADING to +4 ring of protection.
  1917 | D:3      | 1917 ||| READING scroll labelled POSAXZ QUTOVEA.
  1924 | D:4      | 1924 ||| STAIRDANCE
  1996 | D:4      | Killed Ijyb
  2168 | D:4      | Found a staircase to the Ecumenical Temple.
  2169 | D:4      | 2169 ||| PLANNING TEMPLE
  2169 | D:4      | 2169 ||| READING scroll labelled LIFFOA IMNINI.
  2197 | Temple   | Entered the Ecumenical Temple
  2237 | Temple   | 2237 ||| PLANNING OKAWARU WORSHIP
  2430 | Temple   | Became a worshipper of Warmaster Okawaru
  2431 | Temple   | 2431 ||| PLANNING D:1-11
  2589 | D:5      | Entered Level 5 of the Dungeon
  2607 | D:5      | Reached skill level 10 in Ranged Weapons
  2673 | D:5      | Identified the +6 hand axe of Execution {spect, +Blink
                  | rElec Str-2 Int+4}
  2707 | D:5      | Reached skill level 3 in Dodging
  2762 | D:5      | Reached * piety under Okawaru
  2763 | D:5      | Reached skill level 1 in Armour
  2763 | D:5      | Reached XP level 7. HP: 37/40 MP: 9/9
  2851 | D:5      | Found a shadowy altar of Dithmenos.
  2861 | D:5      | Noticed a two-headed ogre
  2863 | D:5      | 2863 ||| INVOKING Heroism.
  2866 | D:5      | HP: 9/40 [two-headed ogre/+0 giant club (4)]
  2867 | D:5      | 2867 ||| DRINKING potion of heal wounds.
  2872 | D:5      | Mangled by a two-headed ogre

Levels and vault maps discovered:
D:1:      dpeg_arrival_rooms_with_view, layout_basic,
          dreamdust_ecumenical_altar_angels_and_demons, serial_shops, shop, shop
D:2:      layout_basic, uniq_sigmund, uniq_terence
D:3:      layout_rooms, gammafunk_ghost_stat_death
D:4:      layout_cave_pools, minmay_temple_entry_trees, serial_column_ruins,
          column_ruins_columns_corner, column_ruins_open_tiny,
          column_ruins_corridor_corner, column_ruins_columns_straight, uniq_ijyb
D:5:      layout_loops_ring, grunt_dithmenos_smoke_and_mirrors,
          nicolae_tso_swordbearing_angel, uniq_grinder
Temple:   hc_temple_tempest_star

Skill      XL: |  1  2  3  4  5  6 |
---------------+-------------------+-----
Ranged Weapons | 8 9 10 | 10.4
Fighting       | 2 |  2.2
Dodging        | 3 |  3.0
Armour         | 1 |  1.2
Stealth        | |  1.2
Invocations    | |  0.5

Action                     |  1- 3 |  4- 6 |  7- 9 || total
---------------------------+-------+-------+-------++-------
   Fire: Shortbow          |    57 |   171 |    16 ||   244
 Invoke: Heroism           |       |       |     1 ||     1
    Use: Scroll            |     4 |     8 |       ||    12
         Potion            |       |     1 |     1 ||     2
 Armour: Leather armour    |     3 |       |       ||     3
         Ring mail         |       |    18 |     2 ||    20
  Dodge: Dodged            |    22 |    30 |     6 ||    58

Table legend:
 A = Non-vault XP
 B = Vault XP
 C = Vault XP percentage of total XP
 D = Non-vault monster count
 E = Vault monster count
 F = Vault count percentage of total count
                 A         B        C        D         E       F
            +---------+---------+-------+---------+---------+-------
      Total |     534 |     289 |  35.1 |      75 |       5 |   6.2
            +---------+---------+-------+---------+---------+-------
        D:1 |      29 |       3 |   9.4 |      18 |       2 |  10.0
        D:2 |      58 |     250 |  81.2 |      21 |       2 |   8.7
        D:3 |      43 |       0 |   0.0 |      11 |       0 |   0.0
        D:4 |      93 |      36 |  27.9 |      19 |       1 |   5.0
        D:5 |     311 |       0 |   0.0 |       6 |       0 |   0.0
            +---------+---------+-------+---------+---------+-------
